 Dungeon Crawl Stone Soup version 0.21-a0-91-ga5031da (webtiles) character file.

29 Lavandula the Bolt Thrower (level 3, -1/26 HPs)
             Began as a Mummy Arcane Marksman on June 30, 2017.
             Slain by Natasha (5 damage)
             ... on level 2 of the Dungeon.
             The game lasted 00:02:22 (385 turns).

Lavandula the Bolt Thrower (Mummy Arcane Marksman)   Turns: 385, Time: 00:02:22

Health: -1/26      AC:  2    Str: 13    XL:     3   Next: 1%
Magic:  5/5        EV: 12    Int: 13    God:
Gold:   39         SH:  0    Dex: 12    Spells: 1/4 levels left

rFire    x . .     SeeInvis .   a - +1 hand crossbow
rCold    + . .     Gourm    .   (no shield)
rNeg     + + +     Faith    .   e - +0 robe
rPois    ∞         Spirit   .   (no helmet)
rElec    .         Reflect  .   (no cloak)
rCorr    .         Harm     .   (no gloves)
MR       .....                  (no boots)
Stlth    +.........             (no amulet)
HPRegen  0.08/turn              (no ring)
MPRegen  0.09/turn              (no ring)

@: slowed, very slow
A: no food or potions, fire vulnerability, cold resistance 1, negative energy
resistance 3, torment resistance, unbreathing
a: no special abilities


You were on level 2 of the Dungeon.
You were not hungry.

You visited 1 branch of the dungeon, and saw 2 of its levels.

You collected 39 gold pieces.

Inventory:

Hand Weapons
 a - a +1 hand crossbow (weapon)
 i - a +0 dagger
Missiles
 d - 49 bolts (quivered)
Armour
 e - a +0 robe (worn)
 g - a +0 ring mail
Jewellery
 f - an uncursed amulet of rage {unknown}
 h - an uncursed ring of fire {unknown}
Scrolls
 b - a scroll of identify
 j - a scroll of teleportation {unknown}
Books
 c - a book of Debilitation

   Spells                             Type                      Level
   a - Corona                         Hexes                        1
   b - Slow                           Hexes                        2
   c - Inner Flame                    Hexes/Fire                   3
   d - Portal Projectile              Hexes/Translocation          3
   e - Cause Fear                     Hexes                        4
   f - Leda's Liquefaction            Hexes/Earth                  4
 k - a book of Changes

   Spells                             Type                      Level
   a - Beastly Appendage              Transmutation                1
   b - Sticks to Snakes               Transmutation                2
   c - Spider Form                    Transmutation/Poison         3
   d - Ice Form                       Ice/Transmutation            4
   e - Blade Hands                    Transmutation                5
 l - a book of Cantrips

   Spells                             Type                      Level
   a - Confusing Touch                Hexes                        1
   b - Animate Skeleton               Necromancy                   1
   c - Summon Small Mammal            Summoning                    1
   d - Apportation                    Translocation                1


   Skills:
 - Level 1.0 Fighting
 + Level 2.8 Crossbows
 - Level 1.6 Dodging
 - Level 1.3 Spellcasting
 - Level 2.6 Hexes


You had one spell level left.
You knew the following spells:

 Your Spells              Type           Power        Failure   Level  Hunger
a - Corona                Hex            #......      9%          1    N/A
b - Slow                  Hex            #.......     14%         2    N/A

Dungeon Overview and Level Annotations

Branches:
Dungeon (2/15)

Altars:
Xom

Annotations:
D:2 Natasha


Innate Abilities, Weirdness & Mutations

You do not eat or drink.
Your flesh is vulnerable to fire.
You are immune to poison.
Your flesh is cold resistant. (rC+)
You are immune to negative energy. (rN+++)
You are immune to unholy pain and torment.
You can survive without breathing.


Message History

Natasha barely misses you. Natasha claws you!
Firing (i - inventory):
d - 52 bolts (quivered)
Press: ? - help, Shift-Dir - straight line, f/p - Natasha
Aim: Natasha (severely wounded)
You shoot a bolt. The bolt closely misses Natasha.
Natasha claws you! Natasha casts a spell at you. You resist with some effort.
Firing (i - inventory):
d - 51 bolts (quivered)
Press: ? - help, Shift-Dir - straight line, f/p - Natasha
Aim: Natasha (severely wounded)
You shoot a bolt. The bolt hits Natasha.
Natasha is severely wounded.
Natasha barely misses you. Natasha claws you.
* * * LOW HITPOINT WARNING * * *
Firing (i - inventory):
d - 50 bolts (quivered)
Press: ? - help, Shift-Dir - straight line, f/p - Natasha
Aim: Natasha (severely wounded)
You shoot a bolt. The bolt closely misses Natasha.
Natasha barely misses you. Natasha claws you.
You die...

#.#### (.
#####....# ..
#........# ..
#.#####†.# #. #.#
#..# #( #†# #..#
#. #.#####..###!#
#h###.##..<......#
#.@......##..#####
#.###.#####..# #.
#.# #.... #. ..#
#.#### ## #.# #..
#.. ..# #.# #.# .#
#.#


You could see Natasha.

Vanquished Creatures
  3 dart slugs
  A leopard gecko (D:1)
  2 bats (D:1)
  A giant cockroach (D:1)
  2 hobgoblins (D:1)
  3 jackals (D:1)
  3 kobolds
  A quokka (D:2)
  3 rats
19 creatures vanquished.

Notes
Turn   | Place    | Note
-------+----------+-------------------------------------------
     0 | D:1      | Lavandula the Mummy Arcane Marksman began the quest for the Orb.
     0 | D:1      | Reached XP level 1. HP: 15/15 MP: 2/2
     1 | D:1      | Found a shimmering altar of Xom.
    93 | D:1      | Reached XP level 2. HP: 16/21 MP: 2/4
   364 | D:2      | Learned a level 2 spell: Slow
   375 | D:2      | Reached XP level 3. HP: 26/26 MP: 5/5
   379 | D:2      | Noticed Natasha
   385 | D:2      | Slain by Natasha

Vault maps used:
D:1:      sevenhm_arrival_forest_fort_small_6
D:2:      minmay_hexomino_r4, uniq_natasha

Skill      XL: |  1 |
---------------+----+-----
Crossbows      | 2 |  2.8
Fighting       | |  1.0
Dodging        | |  1.6
Spellcasting   | |  1.3
Hexes          | |  2.6

Action                   || total
-------------------------++-------
Melee: Unarmed           ||     5
 Fire: Hand crossbow     ||    42
 Cast: Corona            ||     9
  Use: Scroll            ||     2
Armor: Robe              ||     1
Dodge: Dodged            ||    10
